[Event "87th Tata Steel Challengers 2025"]
[Site "Wijk aan Zee"]
[Date "2025.01.21"]
[Round "4.6"]
[White "Deshmukh, Divya"]
[Black "Gurel, Ediz"]
[Result "1-0"]
[Annotator "TA"]
[ECO "E36"]
[WhiteElo "2490"]
[BlackElo "2624"]
[PlyCount "111"]
[EventDate "2025.01.13"]
[EventType "tourn"]
[EventCountry "NED"]
[TimeControl "40/6000+30:20/3000+30:900+30"]

1. d4 Nf6 2. c4 e6 3. Nc3 Bb4 4. Qc2 d5 5. a3 Bxc3+ 6. Qxc3 O-O 7. Nf3 b6 {[%emt 0:02:04] E36: Nimzo-Indian: Classical: 4...d5 5 a3.} 8. Bg5 dxc4 9. Qxc4 Ba6 {[%emt 0:03:35] The position is equal.} 10. Qa4 Bb7 11. e3 h6 12. Bh4 Nbd7 13. Bb5 Qc8 $146 (13... c5 14. Ne5 g5 15. Bxd7 gxh4 16. dxc5 bxc5 17. Bc6 Rb8 18. Bxb7 Rxb7 19. Nc4 Nd5 20. h3 Nb6 21. Nxb6 axb6 22. O-O Kh8 23. Rad1 Qf6 {½-½ Stone,G (2193)-Lopes,R (2185) POR-USA email 2013 [3]}) 14. Rc1 c5 15. Bxf6 Nxf6 16. dxc5 bxc5 17. b4 Ne4 (17... a6 $1 $11 18. Be2 Qd7) 18. O-O $14 Qc7 19. Bd3 Rfd8 20. Bxe4 (20. Rfd1 $16) 20... Bxe4 21. bxc5 Bc6 22. Qc2 Rac8 23. Nd4 Ba8 24. Rfd1 (24. c6 $6 e5 25. Nb5 Qxc6 26. Qxc6 Rxc6 $11) 24... Rd5 25. Nb5 (25. c6 $16) 25... Qxc5 26. Rxd5 (26. Qxc5 Rcxc5 27. Nd4 Kh7 $15) 26... Qxc2 27. Rxc2 Rxc2 $11 {[%emt 0:00:03][%mdl 4096] Endgame KRB-KRN} 28. Rd8+ $1 Kh7 {[%emt 0:00:04] ( -> ...Rc1+)} 29. h4 Bd5 30. Nxa7 Rc5 (30... g5 $11) 31. Nc8 $14 Ra5 {[%emt 0:01:17][%cal Oa5a8] and ...Ra8! should not be overlooked} 32. Rd7 Rxa3 33. Rxf7 Ra4 34. f3 Rxh4 35. e4 $1 Bb3 36. Rb7 Ba4 37. Nb6 Bc2 (37... Bb5 $16 38. Re7 Rf4 39. Rxe6 Rf7) 38. Nd7 $18 Rf4 {[%emt 0:00:37] [#]} 39. Nc5 $1 Rf8 (39... Rf6 {is a better defense.} 40. Rb2 Bd1) 40. Nxe6 Rg8 41. Nc5 ({Better is} 41. Kf2 $18) 41... Rc8 $16 42. Ne6 {[%emt 0:00:00] White is more active.} (42. Nd7 $16) 42... Rg8 $18 43. Nd4 Ba4 44. Nf5 h5 45. Kf2 Kh8 46. e5 Re8 47. Nd6 (47. Nxg7 Rxe5 48. f4 Rc5 $11) 47... Re6 48. f4 Kg8 $2 (48... g6 49. Ra7 Bb3) 49. Rb8+ Kh7 50. Ne4 {[%emt 0:00:00] Threatens to win with Ng5+.} Re8 {[%emt 0:00:00] [#]} 51. Rxe8 {[%emt 0:00:00] White mates.} Bxe8 52. e6 Bc6 53. Nd6 g5 54. fxg5 Kg6 55. e7 Kxg5 56. Kg3 {[%emt 0:00:00] Weighted Error Value: White=0.11 (very precise) /Black=0.37  Mistake:       	White=4     	Black=5      Inaccurate:     	White=1     	Black=5      OK:         	White=20    	Black=14     Best:        	White=6     	Black=2      Strong:       	White=2     	---} 1-0